 Dungeon Crawl Stone Soup version 0.31-a0-202-g547052bce9 (webtiles) character file.

Game seed: 14142158734718927601

13 qw the Shooter (level 2, -1/16 HPs)
             Began as a Deep Elf Hunter on June 26, 2023.
             Succumbed to an adder's poison
             ... on level 2 of the Dungeon.
             The game lasted 00:00:09 (857 turns).

qw the Shooter (Deep Elf Hunter)                     Turns: 857, Time: 00:00:09

Health: -1/16      AC:  3    Str:  8    XL:     2   Next: 24%
Magic:  4/4        EV: 12    Int: 13    God:
Gold:   36         SH:  0    Dex: 18    Spells: 1/1 levels left

rFire   + . .        Y - +0 shortbow
rCold   . . .        (shield currently unavailable)
rNeg    . . .        c - +0 leather armour
rPois   .            (no helmet)
rElec   .            (no cloak)
rCorr   .            (no gloves)
SInv    +            (no boots)
Will    .....        (no amulet)
Stlth   ++           g - ring of protection from fire
HPRegen 0.22/turn    h - ring of see invisible
MPRegen 0.09/turn

%: no passive effects
@: lethally poisoned (-1 -> -12)
A: no striking features
a: no special abilities


You were on level 2 of the Dungeon.
You visited 1 branch of the dungeon, and saw 2 of its levels.

You collected 36 gold pieces.


   Skills:
 - Level 1.5 Fighting
 + Level 6.1 Ranged Weapons
 - Level 2.4 Dodging
 - Level 1.2 Stealth


You had one spell level left.
You didn't know any spells.
Your spell library was empty.

Inventory:

Hand Weapons
 Y - a +0 shortbow (weapon)
Armour
 c - a +0 leather armour (worn)
Jewellery
 g - a ring of protection from fire (left hand)
 h - a ring of see invisible (right hand)
Scrolls
 a - a scroll of identify
Potions
 e - a potion of heal wounds {unknown}
 f - a potion of degeneration {unknown}

Dungeon Overview and Level Annotations

Branches:
Dungeon (2/15)

Altars:


Message History

You kill the ball python!
A giant cockroach comes into view.
You see here an amulet of guardian spirit.
You shoot an arrow. The arrow hits the giant cockroach.
You kill the giant cockroach!
You hear an angry hiss.
An adder comes into view.
You shoot an arrow. The arrow barely misses the adder.
You shoot an arrow. The arrow barely misses the adder.
The adder barely misses you.
You shoot an arrow. The arrow barely misses the adder.
The adder bites you.
You are poisoned.
The adder poisons you!
You shoot an arrow. The arrow closely misses the adder.
You feel sick.
You hear a shout!
The adder bites you.
You are more poisoned.
The adder poisons you!
A gnoll comes into view. It is wielding a +0 club.
The adder bites you.
You shoot an arrow. The arrow barely misses the adder.
The arrow barely misses the gnoll.
You feel sick. The adder bites you.
You are more poisoned.
The adder poisons you!
You shoot an arrow. The arrow closely misses the adder.
The arrow hits the gnoll!
The gnoll is heavily wounded.
You feel very sick.
A bat comes into view.
The adder closely misses you.
A gnoll comes into view. It is wielding a +0 halberd.
The adder misses you.
The bat moves out of view.
You shoot an arrow. The arrow misses the adder.
The gnoll shouts!
The arrow hits the gnoll.
The gnoll is lightly wounded.
You die...

### .. #.##
#..# #.####
#<.@.#
#...Sg.....
#.%........
#......#.#.
..#####....
.#.. #...
..... .g.
...... ..


You could see 2 gnolls and an adder.

Vanquished Creatures
  3 ball pythons
  2 endoplasms (D:1)
  2 giant cockroaches
  A goblin (D:1)
  A bat (D:1)
  2 rats (D:1)
11 creatures vanquished.

Notes
Turn   | Place    | Note
-------+----------+-------------------------------------------
     0 | D:1      | qw the Deep Elf Hunter began the quest for the Orb.
     0 | D:1      | Reached XP level 1. HP: 12/12 MP: 3/3
     0 | D:1      | 0 ||| qw: Version: 0.3-a-22-g0ed2b0b
     0 | D:1      | 0 ||| qw: Game counter: 5981
     0 | D:1      | 0 ||| qw: Melee chars always use a shield: true
     0 | D:1      | 0 ||| qw: God list: Okawaru
     0 | D:1      | 0 ||| qw: Allow faded altars: false
     0 | D:1      | 0 ||| qw: Do Orc after clearing Dungeon:15 true
     0 | D:1      | 0 ||| qw: Do second Lair branch before Depths: true
     0 | D:1      | 0 ||| qw: Lair rune preference: random
     0 | D:1      | 0 ||| qw: Goals: Normal
     0 | D:1      | 0 ||| PLANNING D:1-11
   480 | D:1      | Reached XP level 2. HP: 16/16 MP: 4/4
   550 | D:1      | Reached skill level 6 in Ranged Weapons
   818 | D:1      | 818 ||| UPGRADING to ring of protection from fire.
   819 | D:1      | 819 ||| UPGRADING to ring of see invisible.
   820 | D:1      | 820 ||| READING 2 scrolls labelled UFOADU DOMOTY.
   821 | D:1      | 821 ||| DROPPING scroll of butterflies.
   856 | D:2      | HP: 2/16 [poisoned by an adder]
   857 | D:2      | Succumbed to an adder's poison

Levels and vault maps discovered:
D:1:      giann_horns, layout_basic, minivault_26
D:2:      layout_rooms, serial_shops, nicolae_shop_tiny_glass, st_stairs_4,
          kennysheep_donut, uniq_robin

Skill      XL: |  1  2 |
---------------+-------+-----
Ranged Weapons | 6 |  6.1
Fighting       | |  1.5
Dodging        | |  2.4
Stealth        | |  1.2

Action                     || total
---------------------------++-------
   Fire: Shortbow          ||    26
    Use: Scroll            ||     1
  Dodge: Dodged            ||     6

Table legend:
 A = Non-vault XP
 B = Vault XP
 C = Vault XP percentage of total XP
 D = Non-vault monster count
 E = Vault monster count
 F = Vault count percentage of total count
                 A         B        C        D         E       F
            +---------+---------+-------+---------+---------+-------
      Total |      17 |       2 |  10.5 |      10 |       1 |   9.1
            +---------+---------+-------+---------+---------+-------
        D:1 |      15 |       0 |   0.0 |       9 |       0 |   0.0
        D:2 |       2 |       2 |  50.0 |       1 |       1 |  50.0
            +---------+---------+-------+---------+---------+-------
